 Dungeon Crawl Stone Soup version 0.31-a0-1002-g8e65716e6e (webtiles) character file.

Game seed: 9586055100796948619

56629 Queen the Carver (level 14, -1/174 HPs)
             Began as a Demonspawn Gladiator on Nov 10, 2023.
             Was an Initiate of Gozag.
             Killed by an exploding bloated husk (20 damage)
             ... on level 1 of the Swamp.
             The game lasted 01:34:45 (18999 turns).

Queen the Carver (Demonspawn Gladiator)            Turns: 18999, Time: 01:34:46

Health: -1/174     AC: 27    Str: 25    XL:     14   Next: 42%
Magic:  14/14      EV:  2    Int:  9    God:    Gozag
Gold:   5674       SH: 12    Dex: 16    Spells: 13/13 levels left

rFire   + . .        b - +4 long sword of Xomir {freeze, Will- rCorr Str+2 SInv}
rCold   + . .        u - +0 kite shield
rNeg    . . .        l - melded +2 chain mail "Weretiq" {rElec}
rPois   +            c - melded +0 helmet
rElec   +            s - melded +0 cloak
rCorr   +            U - melded +0 pair of gloves
SInv    +            (boots currently unavailable)
Will    ++...        L - amulet "Huuqucs" {Regen+ rCorr Str+4 Slay+3 Stlth-} Stlth
                     y - ring of willpower
HPRegen 1.29/turn    R - ring of willpower
MPRegen 0.14/turn

%: no passive effects
@: mighty, tree-form, resistant, gold aura, hasted, studying Shields, very quick
A: stationary, stasis, torment immunity, boosted hp, (hooves 2), powered by
death 1, (spiny 3), (sanguine armour 2), (antennae 1), (poison resistance)
a: End Transformation, Renounce Religion, Potion Petition, Call Merchant, Bribe
Branch


You were on level 1 of the Swamp.
You worshipped Gozag.
Gozag was greatly pleased with you.
You were a tree.
You visited 4 branches of the dungeon, and saw 17 of its levels.
You also visited: Bailey and Volcano.

You collected 6608 gold pieces.
You spent 350 gold pieces at shops.
You paid 584 gold pieces to Gozag.

Inventory:

Hand Weapons
 a - the +4 long sword of Sharkskin {flame, rF+}
   (You found it on level 5 of the Lair of Beasts)

   rF+:       It protects you from fire.
 b - the +4 long sword of Xomir (weapon) {freeze, Will- rCorr Str+2 SInv}
   (You found it on level 2 of the Lair of Beasts)

   Str+2:     It affects your strength (+2).
   Will-:     It decreases your willpower.
   SInv:      It lets you see invisible.
   rCorr:     It protects you from acid and corrosion.
Missiles
 d - 3 throwing nets
 e - 4 javelins
 n - 30 poisoned darts (quivered)
 o - 195 stones
 v - 8 boomerangs
 x - 4 atropa-tipped darts
Armour
 c - a +0 helmet (melded)
 l - the +2 chain mail "Weretiq" (melded) {rElec}
   (You found it on level 2 of the Dungeon)

   rElec:     It insulates you from electricity.
 s - a +0 cloak (melded)
 u - a +0 kite shield (worn)
 Q - a +2 robe of cold resistance
 U - a +0 pair of gloves (melded)
 V - +0 fire dragon scales
 Y - a +3 scale mail of fire resistance
Jewellery
 y - a ring of willpower (left branch)
 J - a ring of see invisible
 L - the amulet "Huuqucs" (around neck) {Regen+ rCorr Str+4 Slay+3 Stlth-}
   (You acquired it on level 5 of the Lair of Beasts)

   [amulet of regeneration]

   Str+4:     It affects your strength (+4).
   Slay+3:    It affects your accuracy & damage with ranged weapons and melee
   (+3).
   Regen+:    It increases your rate of health regeneration.
   rCorr:     It protects you from acid and corrosion.
   Stlth-:    It makes you less stealthy.
 R - a ring of willpower (right branch)
Wands
 w - a wand of mindburst (12)
 C - a wand of polymorph (13)
 H - a wand of roots (6)
 O - a wand of flame (19)
Scrolls
 f - 7 scrolls of teleportation
 h - 10 scrolls of identify {@r1}
 i - 5 scrolls of fear {unknown}
 j - 6 scrolls of fog {unknown}
 r - 2 scrolls of enchant armour {unknown}
 t - 2 scrolls of immolation {unknown}
 D - 2 scrolls of vulnerability {unknown}
 F - 3 scrolls of blinking {unknown}
 I - 3 scrolls of amnesia {unknown}
 N - a scroll of brand weapon {unknown}
 S - a scroll of noise {unknown}
 T - 4 scrolls of poison {unknown}
 W - 4 scrolls of enchant weapon {unknown}
Potions
 g - 3 potions of brilliance
 k - 4 potions of enlightenment
 m - 2 potions of resistance {unknown}
 p - 4 potions of heal wounds {unknown}
 q - 7 potions of curing
 z - a potion of cancellation {unknown}
 A - 8 potions of haste {unknown}
 B - 2 potions of ambrosia {unknown}
 E - 3 potions of degeneration
 G - 2 potions of mutation
 K - a potion of attraction {unknown}
 M - a potion of magic
 P - a potion of berserk rage {unknown}


   Skills:
 * Level 12.5 Fighting
 * Level 13.1 Long Blades
 - Level 5.0 Throwing
 + Level 9.5 Armour
 + Level 10.0 Dodging
 - Level 10.0 Shields


You had 13 spell levels left.
You didn't know any spells.
Your spell library contained the following spells:

 Spells                   Type           Power      Damage    Failure   Level
 Magic Dart               Conj           0%         1d3       56%         1
 Summon Small Mammal      Summ           0%         N/A       56%         1
 Blink                    Tloc           0%         N/A       71%         2
 Ensorcelled Hibernation  Hex/Ice        0%         N/A       71%         2
 Jinxbite                 Hex            0%         N/A       71%         2
 Lesser Beckoning         Tloc           0%         N/A       71%         2
 Momentum Strike          Conj/Tloc      0%         3d8       71%         2
 Searing Ray              Conj           0%         2d4       71%         2
 Sublimation of Blood     Necr           0%         N/A       71%         2
 Call Canine Familiar     Summ           0%         N/A       90%         3
 Inner Flame              Hex/Fire       0%         N/A       90%         3
 Summon Guardian Golem    Hex/Summ       0%         N/A       90%         3
 Tukima's Dance           Hex            0%         N/A       90%         3
 Anguish                  Hex/Necr       0%         N/A       100%        4
 Cause Fear               Hex            0%         N/A       100%        4
 Dimensional Bullseye     Hex/Tloc       0%         N/A       100%        4
 Fulminant Prism          Conj/Hex       0%         3d5       100%        4
 Iskenderun's Mystic Bla  Conj/Tloc      0%         2d3       100%        4
 Petrify                  Tmut/Erth      0%         N/A       100%        4
 Irradiate                Conj/Tmut      0%         3d11      100%        5
 Yara's Violent Unravell  Hex/Tmut       0%         3d3       100%        5
 Enfeeble                 Hex            0%         N/A       100%        7


Dungeon Overview and Level Annotations

Branches:
Dungeon (10/15)            Temple (1/1) D:4            Lair (5/5) D:10
  Swamp (1/4) Lair:2        Snake (0/4) Lair:2        Slime (0/5) Lair:5
 Bailey (visited)         Volcano (visited)
    Orc: D:9-12

Altars:
Ashenzari
Cheibriados
Dithmenos
Fedhas
Gozag
Hepliaklqana
Kikubaaqudgha
Makhleb
Nemelex Xobeh
Okawaru
Qazlal
Ru
Sif Muna
Trog
Uskayaw
Vehumet
Wu Jian
Xom
Yredelemnul
Jiyva

Shops:
D:2 :   D:8 !   D:10 :

Annotations:
D:3 exclusion: downstairs
D:4 exclusion: 2 downstairs
D:6 3 runed translucent doors, Drangen's ghost, novice SpHu
D:7 exclusion: downstairs
D:8 exclusion: 3 downstairs
Lair:3 1 runed translucent door, exclusion: door, Tyvach's ghost, journeyman FoFi


Innate Abilities, Weirdness & Mutations

You are a tree.
Your roots penetrate the ground, keeping you stationary.
You cannot be teleported.
You are immune to unholy pain and torment.
Your maximum health is greatly increased.
Your equipment is partially melded.
((You have hoof-like feet.))
You regenerate a little health from kills.
((You are completely covered in sharp spines.))
((When seriously injured, your blood forms thick armour. (AC +0)))
((You have a pair of small antennae on your head.))
((Your system is resistant to poisons. (rPois)))


Message History

The spray of wooden splinters misses you.
It was a potion of magic.
Magic courses through your body. The eleionoma hits you.
* * * LOW HITPOINT WARNING * * *
Unknown command. [a] - 400 gold - haste and resistance [b] - 638 gold - resistance, enlightenment, haste and brilliance [c] - 540 gold - lignification, might, resistance and haste Purchase which effect?
You turn into a tree.
Your +0 cloak melds into your body.
Your +0 helmet melds into your body.
Your +0 pair of gloves melds into your body.
The +2 chain mail "Weretiq" {rElec} melds into your body.
Your roots penetrate the ground.
You feel very mighty all of a sudden.
You feel protected.
You feel yourself speed up.
Your blood armour dries and flakes away.
Tree limbs sway around you.
The eleionoma hurls a spray of splinters at you.
The spray of wooden splinters hits you but does no damage.
The spriggan rider hits you but does no damage.
It was a potion of mutation.
You feel extremely strange.
You feel resistant to poisons. A pair of antennae grows on your head!
You feel roots moving beneath the ground.
The eleionoma hurls a spray of splinters at you.
The spray of wooden splinters hits you but does no damage.
You slice the spriggan rider!! You freeze the spriggan rider!
The spriggan rider is heavily wounded.
The spriggan rider hits you with a +1 spear of venom!
* * * LOW HITPOINT WARNING * * *
You miss the spriggan rider.
The spriggan rider is heavily wounded.
The eleionoma hits you but does no damage.
The bloated husk explodes!
The blast of putrescent gases engulfs the spriggan rider!!
The hornet dies!
The spriggan falls from its now dead mount.
The blast of putrescent gases engulfs you!!
You die...
Your body crumbles into a pile of gold.

♣.♣~..~..~~~~
♣w♣.~§~~.~~~..♣
♣.♣.~~~~~~~.~§.
♣...~~~~...~~.♣
♣..).~.~.♣~~~~♣
♣♣~~i~~.♣~~~~~♣
♣.ntw..!.~i..♣
♣♣~~t..ww~wwi$♣
♣(~..w~~~~~.♣♣♣ ~.♣
♣♣~.♣w.~..♣♣.R♣♣♣§.♣
♣♣♣♣♣♣♣♣♣♣♣♣♣♣♣~~.♣
♣~~~♣ ♣.§)♣ ♣.~~♣
♣.~♣ ~ ♣♣.~♣ ≈~~
♣...♣


You could see an eleionoma, a tyrant leech, a spriggan druid, 3 swamp worms and
a spriggan.

Vanquished Creatures
  An orc warlord (Bailey)
  A red draconian (Volcano)
  6 hydras
  3 catoblepae (Lair:5)
  Erica (D:10)
  3 boulder beetles
  2 two-headed ogres
  8 death yaks (Lair:5)
  4 skysharks
  A salamander mystic (Volcano)
  2 bog bodies (Swamp:1)
  A cyclops (D:9)
  2 manticores (Lair:5)
  An ugly thing (D:9)
  4 salamanders (Volcano)
  16 elephants
  A torpor snail (Lair:4)
  7 black mambas
  Joseph (Lair:1)
  A gargoyle (D:10)
  11 cane toads
  3 rime drakes
  12 komodo dragons
  3 meliai (D:9)
  A troll (D:10)
  A polar bear (Lair:4)
  Grinder (D:3)
  3 blink frogs (Lair:5)
  A shadow (D:10)
  3 wyverns
  44 yaks
  A wraith (D:9)
  5 basilisks
  4 steam dragons
  A swamp worm (Swamp:1)
  A warg (Lair:2)
  22 water moccasins
  4 black bears
  11 orc warriors
  An ice beast (D:5)
  A sky beast (D:6)
  22 wolves
  3 ogres
  3 centaurs
  A phantom (D:7)
  7 bullfrogs
  3 gnoll sergeants
  A kobold brigand (D:8)
  A scorpion (D:3)
  19 wights
  4 howler monkeys (D:7)
  9 hounds
  8 jellies
  A sleepcap (D:6)
  3 orc wizards
  8 iguanas
  6 hell rats (Lair:2)
  2 human simulacra (D:10)
  7 adders
  20 gnolls
  2 shadow imps
  2 white imps
  2 ufetubi (D:5)
  3 worms
  4 dart slugs
  36 orcs
  8 bats
  13 endoplasms
  A giant cockroach (D:2)
  26 goblins
  16 hobgoblins
  2 jackals (D:4)
  8 ball pythons
  5 frilled lizards
  9 kobolds
  4 rats
469 creatures vanquished.

Vanquished Creatures (others)
  A bloated husk (Swamp:1)
  A hornet (Swamp:1)
2 creatures vanquished.

Grand Total: 471 creatures vanquished

Notes
Turn   | Place    | Note
-------+----------+-------------------------------------------
     0 | D:1      | Queen the Demonspawn Gladiator began the quest for the Orb.
     0 | D:1      | Reached XP level 1. HP: 16/16 MP: 1/1
    90 | D:1      | Gained mutation: You have large cloven feet. [demonic
                  | ancestry]
    90 | D:1      | Reached XP level 2. HP: 20/22 MP: 2/2
   490 | D:2      | Reached skill level 3 in Long Blades
   528 | D:2      | Gained mutation: You are partially covered in sharp spines.
                  | [demonic ancestry]
   528 | D:2      | Reached XP level 3. HP: 28/28 MP: 3/3
   641 | D:2      | Identified the +2 chain mail "Weretiq" {rElec}
   675 | D:2      | Found a faded altar of an unknown god.
   747 | D:2      | Found a sparkling altar of Nemelex Xobeh.
   803 | D:2      | Reached skill level 1 in Armour
   894 | D:2      | Gained mutation: You regenerate a little health from kills.
                  | [demonic ancestry]
   894 | D:2      | Reached XP level 4. HP: 34/34 MP: 4/4
  1248 | D:2      | Found Tapte's Book Boutique.
  1642 | D:3      | Noticed a scorpion
  1651 | D:3      | Killed a scorpion
  1652 | D:3      | Reached XP level 5. HP: 27/41 MP: 5/5
  1773 | D:3      | Noticed Grinder
  1794 | D:3      | Killed Grinder
  1795 | D:3      | Gained mutation: When seriously injured, your blood forms
                  | armour. (AC +0) [demonic ancestry]
  1795 | D:3      | Reached XP level 6. HP: 7/47 MP: 6/6
  2600 | D:4      | Found an opulent altar of Gozag.
  2604 | D:4      | Became a worshipper of Gozag Ym Sagoz the Greedy
  2877 | D:4      | Found a staircase to the Ecumenical Temple.
  2895 | Temple   | Entered the Ecumenical Temple
  3288 | D:5      | Entered Level 5 of the Dungeon
  3289 | D:5      | Noticed an ice beast
  3334 | D:4      | Reached skill level 4 in Long Blades
  3334 | D:4      | Gained mutation: When seriously injured, your blood forms
                  | thick armour. (AC +0) [demonic ancestry]
  3334 | D:4      | Reached XP level 7. HP: 43/53 MP: 7/7
  3481 | D:5      | Reached skill level 1 in Shields
  3692 | D:5      | Gained mutation: You are mostly covered in sharp spines.
                  | [demonic ancestry]
  3692 | D:5      | Reached XP level 8. HP: 51/61 MP: 8/8
  4141 | D:6      | Found a runed translucent gate.
  4160 | D:5      | Reached skill level 5 in Long Blades
  4311 | D:6      | Found a runed translucent gate.
  4311 | D:6      | Found a runed translucent gate.
  4548 | D:6      | Reached skill level 5 in Fighting
  4548 | D:6      | Reached skill level 5 in Dodging
  4828 | D:6      | Reached XP level 9. HP: 68/68 MP: 9/9
  4935 | D:6      | Found an ornate altar of the Wu Jian Council.
  5014 | D:6      | Noticed Drangen's ghost (novice SpHu)
  5307 | D:7      | Found a bloodstained altar of Trog.
  5395 | D:7      | Found a burning altar of Makhleb.
  5442 | D:7      | Reached skill level 6 in Long Blades
  5514 | D:7      | Reached skill level 5 in Throwing
  6167 | D:7      | Found a shimmering altar of Xom.
  6545 | D:6      | Found a stormy altar of Qazlal.
  6545 | D:6      | Found an ancient bone altar of Kikubaaqudgha.
  6688 | D:8      | Found a shadowy altar of Dithmenos.
  6943 | D:8      | Found Siodoelo's Distillery.
  6955 | D:8      | Bought a potion of might for 56 gold pieces
  6955 | D:8      | Bought 2 potions of curing for 84 gold pieces
  6955 | D:8      | Bought a potion of brilliance for 56 gold pieces
  6955 | D:8      | Bought a potion of degeneration for 14 gold pieces
  6955 | D:8      | Bought 2 potions of enlightenment for 140 gold pieces
  7076 | D:8      | Reached skill level 7 in Long Blades
  7076 | D:8      | Reached skill level 5 in Armour
  7361 | D:8      | Noticed a two-headed ogre
  7556 | D:8      | Reached XP level 10. HP: 76/76 MP: 10/10
  7966 | D:9      | Noticed a cyclops
  8063 | D:9      | Found a sacrificial altar of Ru.
  8142 | D:9      | Noticed a two-headed ogre
  8267 | D:9      | Noticed a green ugly thing
  8286 | D:9      | Killed a green ugly thing
  8413 | D:8      | Killed a two-headed ogre
  8577 | D:9      | Reached skill level 8 in Long Blades
  8658 | D:9      | Reached skill level 5 in Shields
  9368 | D:9      | Killed a cyclops
  9502 | D:9      | Killed a two-headed ogre
  9696 | D:10     | Entered Level 10 of the Dungeon
  9883 | D:10     | Reached XP level 11. HP: 34/84 MP: 11/11
  9904 | D:10     | Found a flagged portal.
  9926 | Bailey   | Entered a bailey
 10228 | Bailey   | Reached skill level 9 in Long Blades
 10246 | Bailey   | Noticed an orc warlord
 10280 | Bailey   | Killed an orc warlord
 11003 | D:10     | Found Ilouch's Book Boutique.
 11075 | D:10     | Found a staircase to the Lair.
 11238 | D:10     | Noticed Erica
 11259 | D:10     | Killed Erica
 11562 | D:14     | Identified the "Uluweq"
 11562 | Lair:1   | Entered Level 1 of the Lair of Beasts
 11941 | Lair:1   | Reached skill level 10 in Long Blades
 11943 | Lair:1   | Noticed Joseph
 11962 | Lair:1   | Killed Joseph
 12046 | Lair:1   | Gained mutation: You are completely covered in sharp
                  | spines. [demonic ancestry]
 12046 | Lair:1   | Reached XP level 12. HP: 63/94 MP: 12/12
 12370 | Lair:1   | Noticed a seven-headed hydra
 12378 | Lair:1   | Killed a three-headed hydra
 12784 | Lair:2   | Found a staircase to the Snake Pit.
 13447 | Lair:2   | Found a staircase to the Swamp.
 13501 | Lair:2   | Reached skill level 11 in Long Blades
 13743 | Lair:2   | You fall into a shaft and drop 1 floor!
 13915 | Lair:3   | Reached skill level 10 in Fighting
 14381 | Lair:2   | Acquired 1171 gold pieces
 14383 | Lair:2   | Acquired a manual of Shields
 14607 | Lair:2   | Identified the +4 long sword of Xomir {freeze, Will- rCorr
                  | Str+2 SInv}
 15177 | Lair:3   | Found a runed translucent door.
 15300 | Lair:3   | Noticed Tyvach's ghost (journeyman FoFi)
 15513 | Lair:4   | Noticed a four-headed hydra
 15528 | Lair:3   | Killed an 11-headed hydra
 15529 | Lair:3   | Reached XP level 13. HP: 58/104 MP: 13/13
 16820 | Lair:5   | Entered Level 5 of the Lair of Beasts
 16843 | Lair:5   | Found a dark tunnel.
 16850 | Volcano  | Entered a volcano
 17009 | Volcano  | Noticed a red draconian
 17031 | Volcano  | Killed a red draconian
 17124 | Volcano  | Reached skill level 12 in Long Blades
 17156 | Volcano  | Found the +5 woodcutter's axe
 17292 | Lair:5   | Acquired the amulet "Huuqucs" {Regen+ rCorr Str+4 Slay+3
                  | Stlth-}
 17488 | Lair:5   | Found a staircase to the Slime Pits.
 17592 | Lair:5   | Found a viscous altar of Jiyva.
 18010 | Lair:5   | Gained mutation: You have hoof-like feet. [demonic
                  | ancestry]
 18010 | Lair:5   | Reached XP level 14. HP: 114/114 MP: 14/14
 18430 | Lair:5   | Reached skill level 13 in Long Blades
 18515 | Lair:5   | Reached skill level 10 in Shields
 18533 | Lair:5   | Identified the +4 long sword of Sharkskin {flame, rF+}
 18913 | Swamp:1  | Entered Level 1 of the Swamp
 18950 | Swamp:1  | Reached skill level 10 in Dodging
 18997 | Swamp:1  | Gained mutation: Your system is resistant to poisons.
                  | (rPois) [potion of mutation]
 18997 | Swamp:1  | Gained mutation: You have a pair of small antennae on your
                  | head. [potion of mutation]
 18999 | Swamp:1  | Killed by an exploding bloated husk

Illustrated notes

Levels and vault maps discovered:
D:1:      wander_arrival_peaceful_grave, layout_rooms
D:2:      layout_basic, basic_ecumenical_altar, basic_altar, serial_shops,
          nicolae_shop_tiny_waterfront, kennysheep_another_room, hex_tiny
D:3:      layout_basic, uniq_grinder
D:4:      layout_basic, mainiacjoe_overflow_alcove_1,
          minmay_temple_entry_overgrown
D:5:      layout_rooms
D:6:      layout_cave_pools, nicolae_overflow_hidden_temple,
          gammafunk_ghost_necromancy
D:7:      layout_loops_corners, makhleb_heckhound_becter,
          mainiacjoe_overflow_alcove_4, tgw_xom
D:8:      layout_basic, nicolae_dithmenos_shadow_blocks, serial_shops,
          nicolae_shop_tiny_waterfront, minmay_checkerbox
D:9:      layout_loops_corners, hangedman_ru_absence, grunt_decor_mini_mirrors
D:10:     layout_gridville, david_lair_shrubbed, serial_shops, kennysheep_mini,
          enter_bailey_3, hangedman_abyss_or_decor_passed, bh_circular_ruins,
          uniq_erica
Temple:   nicolae_temple_no_exploring_needed
Lair:1:   layout_roguey, uniq_joseph
Lair:2:   beast_lair_carwin_large_4, layout_regular_city,
          minmay_swamp_entry_reptiles, minmay_snake_entry_six_corridors
Lair:3:   layout_cave_pods, ebering_ghost_reflecting_pool
Lair:4:   layout_cave_pods
Lair:5:   evilmike_catoblepas_cave, layout_misc_corridors,
          nicolae_slime_entry_field_trip, nicolae_volcano_entry_two_sided,
          grunt_megastairs_4
Swamp:1:  nicolae_swamp_ascending_descending_big, layout_falls_marsh,
          evilmike_swamp_ruin_house_4

Skill      XL: |  1  2  3  4  5  6  7  8  9 10 11 12 13 14 |
---------------+-------------------------------------------+-----
Throwing       | 2 3 4 5 |  5.0
Dodging        | 3 4 5 6 7 8 9 10 | 10.0
Long Blades    | 3 4 5 7 8 10 11 12 13 | 13.1
Armour         | 1 2 3 4 5 6 7 8 9 |  9.5
Fighting       | 3 4 5 6 7 8 10 11 12 | 12.5
Shields        | 2 3 4 5 6 7 9 10 | 10.0

Action                     |  1- 3 |  4- 6 |  7- 9 | 10-12 | 13-15 || total
---------------------------+-------+-------+-------+-------+-------++-------
  Melee: Long sword        |    82 |    91 |    54 |    16 |   444 ||   687
         Punch             |     1 |     1 |     1 |       |       ||     3
         Kick              |    14 |    28 |    63 |   246 |   225 ||   576
         Great sword       |       |       |   160 |     8 |       ||   168
         Falchion          |       |       |       |   361 |       ||   361
         Scimitar          |       |       |       |   310 |    81 ||   391
  Throw: Javelin           |     3 |     4 |       |       |       ||     7
         Throwing net      |       |     3 |       |     1 |       ||     4
         Dart              |       |       |     7 |    13 |       ||    20
 Invoke: Potion Petition   |       |       |       |       |     1 ||     1
    Use: Potion            |       |       |       |     4 |     2 ||     6
         Scroll            |       |       |       |     2 |     3 ||     5
   Stab: Invisible         |       |       |     1 |       |       ||     1
         Distracted        |       |       |       |     6 |       ||     6
         Held in net/web   |       |       |       |     1 |       ||     1
         Petrified         |       |       |       |       |     6 ||     6
         Petrifying        |       |       |       |       |     1 ||     1
 Armour: Chain mail        |    53 |    62 |   182 |   424 |   246 ||   967
         Scale mail        |     9 |       |       |       |       ||     9
         Fire dragon scale |       |       |       |       |    19 ||    19
         Skin              |       |       |       |       |     6 ||     6
  Dodge: Dodged            |    31 |    29 |   138 |   204 |   126 ||   528
  Block: Kite shield       |       |       |       |   340 |   224 ||   564

Table legend: (Time is in decaauts)
 A = Elapsed time spent in this place.
 B = Non-inter-level travel time spent in this place.
 C = Inter-level travel time spent in this place.
 D = Time resting spent in this place.
 E = Time spent auto-exploring this place.
 F = Levels seen in this place.
 G = Mean time per level.
                   A        B        C        D        E       F      G
               +--------+--------+--------+--------+--------+-----+--------+
         Total |  19086 |  17629 |   1457 |   3098 |   9487 |  19 | 1004.5 |
       Dungeon |  11157 |  10075 |   1082 |   1816 |   5653 |  10 | 1115.7 |
        Temple |      1 |      1 |      0 |      0 |      0 |   1 |    1.0 |
          Lair |   6873 |   6499 |    374 |   1099 |   3562 |   5 | 1374.6 |
         Swamp |     89 |     89 |      0 |     18 |     10 |   1 |   89.0 |
        Bailey |    539 |    539 |      0 |     77 |    106 |   1 |  539.0 |
       Volcano |    423 |    423 |      0 |     88 |    155 |   1 |  423.0 |
               +--------+--------+--------+--------+--------+-----+--------+

Top non-repeatable levels by time:
  Lair:2: 1749 daAuts
     D:7: 1638 daAuts
  Lair:5: 1544 daAuts
     D:9: 1506 daAuts
     D:8: 1478 daAuts
    D:10: 1321 daAuts
  Lair:3: 1315 daAuts
     D:3: 1218 daAuts
  Lair:4: 1189 daAuts
  Lair:1: 1075 daAuts
     D:4: 935 daAuts
     D:2: 909 daAuts
     D:6: 840 daAuts
     D:5: 785 daAuts
  Bailey: 539 daAuts
